 Dungeon Sprint DCSS version 0.29.1 (webtiles) character file.

Game seed: 14443839885510957485

1257 rocky1 the Carver (level 8, -2/79 HPs)
             Began as a Minotaur Gladiator on Sept 13, 2022.
             Was an Initiate of Gozag.
             Slain by Snorg (23 damage)
             ... in the Dungeon (Sprint III: "The Ten Rune Challenge").
             The game lasted 00:04:44 (2271 turns).

rocky1 the Carver (Minotaur Gladiator)              Turns: 2271, Time: 00:04:45

Health: -2/79      AC:  5    Str: 19    XL:     8   Next: 26%
Magic:  7/7        EV: 16    Int:  5    God:    Gozag
Gold:   305        SH:  0    Dex: 14    Spells: 7/7 levels left

rFire   . . .      SeeInvis .   u - +1 long sword (holy)
rCold   . . .      Faith    .   (no shield)
rNeg    . . .      Spirit   .   b - +0 leather armour
rPois   .          Reflect  .   c - +0 hat
rElec   .          Harm     .   n - +0 cloak
rCorr   .          Rampage  .   (no gloves)
Will    .....      NoTele   +   (no boots)
Stlth   +.........              (no amulet)
HPRegen 0.23/turn               (no ring)
MPRegen 0.10/turn               (no ring)

@: hasted, very quick
A: horns 2, retaliatory headbutt
a: Renounce Religion, Potion Petition, Call Merchant, Bribe Branch


You were in the Dungeon.
You worshipped Gozag.
Gozag was aware of your devotion.
You visited 1 branch You collected 305 gold pieces.

Inventory:

Hand Weapons
 a - a +0 long sword
 u - a +1 long sword of holy wrath (weapon)
Missiles
 d - a throwing net (quivered)
 e - a javelin
Armour
 b - a +0 leather armour (worn)
 c - a +0 hat (worn)
 n - a +0 cloak (worn)
Scrolls
 k - a scroll of blinking
 l - a scroll of amnesia {unknown}
 p - a scroll of poison {unknown}
 q - a scroll of identify {unknown}
 s - a scroll of immolation {unknown}
 t - a scroll of summoning {unknown}
Potions
 f - 3 potions of curing
 i - 2 potions of magic
 m - a potion of attraction {unknown}
 o - 4 potions of mutation {unknown}
 r - 2 potions of flight
Miscellaneous
 j - a phial of floods


   Skills:
 + Level 10.1 Fighting
 * Level 14.2 Long Blades
 - Level 2.0 Throwing
 + Level 9.8 Armour
 + Level 9.6 Dodging


You had 7 spell levels left.
You didn't know any spells.
Your spell library contained the following spells:

 Spells                   Type           Power      Damage    Failure   Level
 Slow                     Hex            0%         N/A       52%         1
 Confusing Touch          Hex            0%         N/A       88%         3
 Vampiric Draining        Necr           0%         2d6       88%         3


Dungeon Overview and Level Annotations

Branches:
Dungeon (1/1)

Altars:
Cheibriados
Dithmenos
Elyvilon
Fedhas
Gozag
Hepliaklqana
Kikubaaqudgha
Makhleb
Nemelex Xobeh
Okawaru
Qazlal
Ru
Sif Muna
Trog
Uskayaw
Vehumet
Wu Jian
Xom
Yredelemnul
Zin
The Shining One
Jiyva
Lugonu

Annotations:
D Snorg


Innate Abilities, Weirdness & Mutations

You have a pair of horns on your head.
You reflexively headbutt those who attack you in melee.


Message History

There is an open door here.
You open the door.
There is an open door here.
Snorg the Insatiable comes into view.
Snorg shouts!
You enter the shallow water.
Moving in this stuff is going to be slow.
Snorg bites you! Snorg closely misses you. x2
Your unstable footing causes you to fumble your attack.
Snorg closely misses you. Snorg claws you! Snorg claws you but does no damage.
Unknown command.
Okay, then.
Okay, then.
You feel yourself speed up.
Snorg goes berserk!
Unknown command.
You hit Snorg.
Snorg is lightly wounded.
Snorg bites you!! Snorg barely misses you. Snorg closely misses you.
You slash Snorg! Your headbutt misses Snorg.
Snorg is lightly wounded.
Snorg closely misses you. x3
You barely miss Snorg.
Snorg is lightly wounded.
You closely miss Snorg. You headbutt Snorg, but do no damage.
Snorg is lightly wounded.
Snorg bites you.
* * * LOW HITPOINT WARNING * * *
Snorg claws you!
* * * LOW HITPOINT WARNING * * *
Snorg claws you!
* * * LOW HITPOINT WARNING * * *
You feel much better. Snorg barely misses you. You furiously retaliate!
You headbutt Snorg. Snorg closely misses you.
Snorg claws you but does no damage.
Unknown command.
You hit Snorg.
Snorg is lightly wounded.
Snorg bites you!!
You die...
Your body crumbles into a pile of gold.

##.############ $ $$
#..#___#___#__#$ $ $
#..#...#__)#)_#$$ $
#..###'#'###'## $
#..#..........#$$ $
...'.⌠........# $$ $$
...#...######'# $
...#.⌠.#__#...#+#####
...#.).#__#...#.@~~~+
...#'###__#...#.#T~§#
...#[..#__#...'.#.§.#
...#___#__'...#.#...#
▓▓▓▓▓▓▓▓▓▓▓▓▓▓▓▓▓▓▓▓▓


You could see Snorg (berserk).

Vanquished Creatures
  A deep elf pyromancer (D)
  A shadow (D)
  A spatial vortex (D)
  A necrophage (D)
  A water elemental (D)
  Crazy Yiuf (D)
  A jelly (D)
  Jessica (D)
  A necromancer (D)
  3 humans (D)
  A kobold demonologist (D)
  An endoplasm (D)
  2 rats (D)
16 creatures vanquished.

Vanquished Creatures (others)
  A wizard (D)
1 creature vanquished.

Grand Total: 17 creatures vanquished

Notes
Turn   | Place    | Note
-------+----------+-------------------------------------------
     0 | D        | rocky1 the Minotaur Gladiator began the quest for the Orb.
     0 | D        | Reached XP level 1. HP: 18/18 MP: 0/0
    11 | D        | Reached skill level 4 in Long Blades
    11 | D        | Reached skill level 1 in Armour
    26 | D        | Noticed Jessica
    31 | D        | Killed Jessica
    32 | D        | Reached skill level 5 in Long Blades
    32 | D        | Reached XP level 2. HP: 22/27 MP: 1/1
    49 | D        | Reached XP level 3. HP: 29/33 MP: 2/2
   115 | D        | Reached skill level 6 in Long Blades
   317 | D        | Noticed Crazy Yiuf
   323 | D        | Killed Crazy Yiuf
   324 | D        | Reached skill level 7 in Long Blades
   324 | D        | Reached skill level 5 in Dodging
   324 | D        | Reached XP level 4. HP: 41/41 MP: 3/3
   363 | D        | Noticed a water elemental
   367 | D        | Killed a water elemental
   368 | D        | Reached skill level 5 in Fighting
   368 | D        | Reached skill level 8 in Long Blades
   368 | D        | Reached skill level 5 in Armour
   594 | D        | Reached XP level 5. HP: 46/50 MP: 4/4
   718 | D        | Noticed a shadow
   727 | D        | Killed a shadow
   728 | D        | Reached skill level 10 in Long Blades
   728 | D        | Reached XP level 6. HP: 21/60 MP: 5/5
  1023 | D        | Found a blossoming altar of Fedhas.
  1023 | D        | Found a stormy altar of Qazlal.
  1023 | D        | Found a snail-covered altar of Cheibriados.
  1023 | D        | Found a burning altar of Makhleb.
  1023 | D        | Found a shimmering altar of Xom.
  1023 | D        | Noticed a spatial vortex
  1024 | D        | Found a hazy altar of Hepliaklqana.
  1024 | D        | Found an opulent altar of Gozag.
  1024 | D        | Found a sparkling altar of Nemelex Xobeh.
  1024 | D        | Found a corrupted altar of Lugonu.
  1024 | D        | Found a viscous altar of Jiyva.
  1518 | D        | Killed a spatial vortex
  1519 | D        | Reached skill level 11 in Long Blades
  1654 | D        | Found a basalt altar of Yredelemnul.
  1654 | D        | Found a shadowy altar of Dithmenos.
  1654 | D        | Found a sacrificial altar of Ru.
  1663 | D        | Reached XP level 7. HP: 53/69 MP: 6/6
  1674 | D        | Became a worshipper of Gozag Ym Sagoz the Greedy
  1747 | D        | Found a radiant altar of Vehumet.
  1747 | D        | Found a shimmering blue altar of Sif Muna.
  1747 | D        | Found an ancient bone altar of Kikubaaqudgha.
  1751 | D        | Noticed a red devil
  1753 | D        | Reached skill level 12 in Long Blades
  1997 | D        | Found a glowing silver altar of Zin.
  1997 | D        | Found a glowing golden altar of the Shining One.
  1997 | D        | Found a white marble altar of Elyvilon.
  1998 | D        | Noticed a deep elf pyromancer
  2011 | D        | Noticed a fire elemental
  2011 | D        | Noticed a fire elemental
  2011 | D        | Killed a deep elf pyromancer
  2012 | D        | Reached skill level 13 in Long Blades
  2066 | D        | Found a hide-covered altar of Uskayaw.
  2066 | D        | Found an iron altar of Okawaru.
  2066 | D        | Found a bloodstained altar of Trog.
  2066 | D        | Found an ornate altar of the Wu Jian Council.
  2066 | D        | Noticed a human
  2066 | D        | Noticed a human
  2081 | D        | Killed a human
  2082 | D        | Reached XP level 8. HP: 68/79 MP: 7/7
  2091 | D        | Reached skill level 10 in Fighting
  2091 | D        | Reached skill level 14 in Long Blades
  2261 | D        | Noticed Snorg
  2269 | D        | HP: 2/79 [Snorg (14)]
  2271 | D        | Slain by Snorg

Illustrated notes

Levels and vault maps discovered:
D:        dungeon_sprint_mu [sprint_mu_entry_cave, sprint_mu_temple_rooms,
          sprint_mu_d1_horrors, sprint_mu_d2_genie, sprint_mu_d3_branching,
          sprint_mu_orc_legion, sprint_mu_elf_gauntlet, sprint_mu_hive_nellie,
          sprint_mu_lair_fedhas, sprint_mu_vaults_butterflies,
          sprint_mu_slime_circle, sprint_mu_swamp_cave, sprint_mu_shoals_kraken,
          sprint_mu_blade_basic, sprint_mu_crypt_fortress,
          sprint_mu_tomb_spiral, sprint_mu_vestibule_basic,
          sprint_mu_gehenna_hellfire, sprint_mu_dis_giant,
          sprint_mu_tartarus_statrot, sprint_mu_cocytus_islands, sprint_mu_zot1]

Skill      XL: |  1  2  3  4  5  6  7  8 |
---------------+-------------------------+-----
Long Blades    | 5 7 8 10 11 13 14 | 14.2
Armour         | 2 4 5 6 8 9 |  9.8
Fighting       | 3 4 6 7 8 9 10 | 10.1
Dodging        | 4 5 6 7 8 9 |  9.6
Throwing       | |  2.0

Action                   |  1- 3 |  4- 6 |  7- 9 || total
-------------------------+-------+-------+-------++-------
Melee: Long sword        |    25 |    41 |    34 ||   100
       Headbutt          |     4 |    11 |     9 ||    24
Throw: Throwing net      |     4 |       |       ||     4
  Use: Potion            |       |     1 |     2 ||     3
 Stab: Held in net/web   |     3 |       |       ||     3
Armor: Leather armour    |     1 |       |     2 ||     3
Dodge: Dodged            |    10 |    10 |    17 ||    37
